 Dungeon Crawl Stone Soup version 0.29.0-4-gdea44cf6ec (webtiles) character file.

Game seed: 5048329845548576987

8 qw the Caller (level 2, 0/23 HPs)
             Began as a Ghoul Summoner on Sept 9, 2022.
             Slain by a quokka (4 damage)
             ... on level 1 of the Dungeon.
             The game lasted 00:00:07 (330 turns).

qw the Caller (Ghoul Summoner)                       Turns: 330, Time: 00:00:07

Health: 0/23       AC:  2    Str: 11    XL:     2   Next: 8%
Magic:  0/3        EV: 12    Int: 10    God:
Gold:   22         SH:  0    Dex:  9    Spells: 3/4 levels left

rFire   . . .      SeeInvis .   e - +0 mace
rCold   + . .      Faith    .   (no shield)
rNeg    + + +      Spirit   .   a - +0 robe
rPois   inf        Reflect  .   (no helmet)
rElec   .          Harm     .   (no cloak)
rCorr   .          Rampage  .   (no gloves)
Will    .....                   (no boots)
Stlth   ++........              (no amulet)
HPRegen 0.00/turn               (no ring)
MPRegen 0.08/turn               (no ring)

@: inhibited regen
A: claws 1, cold resistance 1, negative energy resistance 3, inhibited
regeneration, torment resistance 2, devour on kill
a: no special abilities


You were on level 1 of the Dungeon.
You visited 1 branch of the dungeon, and saw 1 of its levels.

You collected 22 gold pieces.


Innate Abilities, Weirdness & Mutations

You are immune to poison.
You have sharp fingernails.
Your flesh is cold resistant. (rC+)
You are immune to negative energy. (rN+++)
You do not regenerate when monsters are visible.
You are immune to unholy pain and torment.
You thrive by killing the living.


   Skills:
 - Level 1.0 Fighting
 + Level 1.0 Axes
 - Level 1.7 Dodging
 - Level 2.1 Stealth
 - Level 1.7 Spellcasting
 - Level 3.6 Summonings


You had 3 spell levels left.
You knew the following spells:

 Your Spells              Type           Power      Damage    Failure   Level
a - Summon Small Mammal   Summ           32%        N/A       8%          1

Your spell library contained the following spells:

 Spells                   Type           Power      Damage    Failure   Level
 Call Imp                 Summ           8%         N/A       11%         2
 Call Canine Familiar     Summ           8%         N/A       22%         3
 Summon Guardian Golem    Hex/Summ       4%         N/A       43%         3
 Summon Lightning Spire   Summ/Air       4%         N/A       83%         4

Inventory:

Hand Weapons
 e - a +0 mace (weapon)
Armour
 a - a +0 robe (worn)
Jewellery
 f - an amulet of magic regeneration
Scrolls
 c - a scroll of poison {unknown}
 g - a scroll of butterflies {unknown}
Potions
 b - a potion of magic
 d - a potion of haste {unknown}

Dungeon Overview and Level Annotations

Branches:
Dungeon (1/15)

Altars:


Message History

Your bat misses the kobold. The kobold misses your bat.
Your bat closely misses the kobold.
The kobold hits your bat with a +0 short sword.
A rat comes into view.
322 ||| Stepping ~*~*~tactically~*~*~ (stealth).
Your bat hits the kobold.
The kobold dies!
Your Fighting skill increases to level 1!
You have reached level 2!
The ball python bites you. The ball python closely misses you.
324 ||| CASTING Summon Small Mammal
Casting: Summon Small Mammal (safe; 8% risk of failure)
Confirm with . or Enter, or press ? or * to list all spells.
Your bat hits the ball python. The ball python bites you.
The ball python grabs you. The ball python constricts you.
You sock the ball python!
You kill the ball python!
Your bat closely misses the quokka.
Your bat barely misses the quokka.
You hit the quokka but do no damage. The quokka barely misses you.
Your bat misses the quokka.
Your bat barely misses the quokka.
The quokka misses you.
Your bat completely misses the quokka.
Your bat barely misses the quokka.
You completely miss the quokka. Your bat misses the quokka.
Your bat hits the quokka but does no damage.
Your bat barely misses the quokka.
The quokka bites you.
Your bat hits the quokka but does no damage.
The quokka bites you.
You barely miss the quokka.
Your bat barely misses the quokka.
Your bat misses the quokka. The quokka bites you.
Your bat closely misses the quokka.
You barely miss the quokka.
Your bat misses the quokka. x2; Your bat closely misses the quokka.
The quokka barely misses you. The quokka bites you.
You hit the quokka.
The quokka is almost dead.
Your bat misses the quokka.
Your bat hits the quokka but does no damage.
The quokka closely misses you. The quokka bites you.
You die...

####### ....$..#### ##
..........########## #.
....).....#........#####.
.:....$b@................
.......br................
###.......#........#####.
##..##+##........+.# #.
#.#. #........#.# #. #..#
#........#.# #. #..
.#.###########.# #. #.r
...............###.
.####.........##.


You could see a quokka (ally target) and 2 friendly bats.

Vanquished Creatures
  A ball python (D:1)
1 creature vanquished.

Vanquished Creatures (collateral kills)
  A dart slug (D:1)
  A bat (D:1)
  An endoplasm (D:1)
  A kobold (D:1)
  A rat (D:1)
5 creatures vanquished.

Grand Total: 6 creatures vanquished

Notes
Turn   | Place    | Note
-------+----------+-------------------------------------------
     0 | D:1      | qw the Ghoul Summoner began the quest for the Orb.
     0 | D:1      | Reached XP level 1. HP: 14/14 MP: 2/2
     0 | D:1      | 0 ||| qw: Version: 0.1-a-113-g051387a
     0 | D:1      | 0 ||| qw: Game counter: 7147
     0 | D:1      | 0 ||| qw: Always use a shield: true
     0 | D:1      | 0 ||| qw: God list: Okawaru
     0 | D:1      | 0 ||| qw: Allow faded altars: false
     0 | D:1      | 0 ||| qw: Do Orc after D:15 true
     0 | D:1      | 0 ||| qw: Do second Lair branch before Depths: true
     0 | D:1      | 0 ||| qw: Lair rune preference: random
     0 | D:1      | 0 ||| qw: Plans: Normal
     0 | D:1      | 0 ||| PLANNING D:1-11
    14 | D:1      | 14 ||| Wielding weapon +0 mace.
    47 | D:1      | 47 ||| Stepping ~*~*~tactically~*~*~ (hiding).
    50 | D:1      | 50 ||| CASTING Summon Small Mammal
    51 | D:1      | 51 ||| CASTING Summon Small Mammal
   189 | D:1      | 189 ||| CASTING Summon Small Mammal
   190 | D:1      | 190 ||| CASTING Summon Small Mammal
   195 | D:1      | Reached skill level 1 in Axes
   228 | D:1      | 228 ||| CASTING Summon Small Mammal
   229 | D:1      | 229 ||| CASTING Summon Small Mammal
   312 | D:1      | 312 ||| CASTING Summon Small Mammal
   313 | D:1      | 313 ||| CASTING Summon Small Mammal
   322 | D:1      | 322 ||| Stepping ~*~*~tactically~*~*~ (stealth).
   323 | D:1      | Reached skill level 1 in Fighting
   323 | D:1      | Reached XP level 2. HP: 23/23 MP: 0/3
   324 | D:1      | 324 ||| CASTING Summon Small Mammal
   329 | D:1      | HP: 4/23 [quokka (3)]
   330 | D:1      | Slain by a quokka

Levels and vault maps discovered:
D:1:      roderic_crossed_star, layout_basic, hellmonk_ecumenical_altar_blasted,
          minmay_3d_cube

Skill      XL: |  1 |
---------------+----+-----
Axes           | 1 |  1.0
Fighting       | 1 |  1.0
Dodging        | |  1.7
Stealth        | |  2.1
Spellcasting   | |  1.7
Summonings     | |  3.6

Action                   || total
-------------------------++-------
Melee: Mace              ||    15
 Cast: Summon Small Mamm ||     9
Armor: Robe              ||     4
Dodge: Dodged            ||     8

Table legend:
 A = Non-vault XP
 B = Vault XP
 C = Vault XP percentage of total XP
 D = Non-vault monster count
 E = Vault monster count
 F = Vault count percentage of total count
                 A         B        C        D         E       F
            +---------+---------+-------+---------+---------+-------
      Total |      10 |       2 |  16.7 |       4 |       2 |  33.3
            +---------+---------+-------+---------+---------+-------
        D:1 |      10 |       2 |  16.7 |       4 |       2 |  33.3
            +---------+---------+-------+---------+---------+-------
